 Dungeon Crawl Stone Soup version 0.19.0-2-gae57169 (webtiles) character file.

435 kae the Cudgeler (level 7, -11/56 HPs)
             Began as a Formicid Fighter on Nov 5, 2016.
             Was an Initiate of Okawaru.
             Mangled by an ogre
             ... wielding a +0 giant club
              (21 damage)
             ... on level 4 of the Dungeon.
             The game lasted 00:05:26 (4376 turns).

kae the Cudgeler (Formicid Fighter)                 Turns: 4376, Time: 00:05:27

Health: -11/56     AC:  9    Str: 22    XL:     7   Next: 21%
Magic:  7/7        EV:  8    Int:  8    God:    Okawaru [......]
Gold:   249        SH:  9    Dex: 10    Spells: 0 memorised, 6 levels left

rFire  . . .     SeeInvis +     a - +0 flail
rCold  . . .     Gourm    .     b - +0 scale mail
rNeg   . . .     Faith    .     c - +0 shield
rPois  .         Spirit   .     (helmet unavailable)
rElec  .         Reflect  .     k - +0 cloak
rCorr  .         Harm     .     i - +0 pair of gloves
MR     .....                    (no boots)
Stlth  ..........               (no amulet)
                                (no ring)
                                (no ring)

@: no status effects
A: permanent stasis, dig shafts and tunnels, four strong arms, antennae 3
a: Dig, Shaft Self, Renounce Religion


You were on level 4 of the Dungeon.
You worshipped Okawaru.
Okawaru was noncommittal.
You were not hungry.

You visited 2 branches of the dungeon, and saw 5 of its levels.
You also visited: Sewer.

You collected 249 gold pieces.

Inventory:

Hand Weapons
 a - a +0 flail (weapon)
Armour
 b - a +0 scale mail (worn)
 c - a +0 shield (worn)
 i - a +0 pair of gloves (worn)
 k - a +0 cloak (worn)
Jewellery
 y - an uncursed ring of positive energy {unknown}
Scrolls
 h - a scroll of amnesia
 q - 5 scrolls of identify
 t - 3 scrolls of blinking
 v - a scroll of recharging {unknown}
 w - a scroll of remove curse {unknown}
 z - a scroll of enchant weapon {unknown}
Potions
 d - 3 potions of might
 e - 5 potions of flight
 j - a potion of brilliance {unknown}
 n - a potion of curing {unknown}
 o - a potion of berserk rage {unknown}
 p - a potion of agility {unknown}
 r - a potion of lignification {unknown}
 u - a potion of resistance {unknown}
 x - 3 potions of heal wounds {unknown}
Comestibles
 f - 4 bread rations
 g - 3 slices of pizza
 l - 4 meat rations
 m - a beef jerky
 s - 3 fruits


   Skills:
 + Level 5.4 Fighting
 * Level 6.0 Maces & Flails
 - Level 3.2 Armour
 - Level 3.6 Shields


You had 6 spell levels left.
You didn't know any spells.

Dungeon Overview and Level Annotations

Branches:
Dungeon (4/15)             Temple (1/1) D:4

Altars:
Ashenzari
Cheibriados
Dithmenos
Elyvilon
Fedhas
Gozag
Hepliaklqana
Kikubaaqudgha
Nemelex Xobeh
Okawaru
Qazlal
Ru
Sif Muna
Trog
Vehumet
Xom
Yredelemnul
Zin
The Shining One

Annotations:
D:4 1 runed door


Innate Abilities, Weirdness & Mutations

You are under a permanent stasis effect.
You can dig through walls and to a lower floor.
Your four strong arms can wield two-handed weapons with a shield.
You have a pair of large antennae on your head. (SInv)


Message History

You are too injured to fight recklessly!
You are too injured to fight recklessly!
You are too injured to fight recklessly!
You are too injured to fight recklessly!
You are too injured to fight recklessly!
You hit the ogre.
The ogre is heavily wounded.
The ogre barely misses you.
You hit the ogre.
The ogre is heavily wounded.
The ogre hits you with a giant club!
* * * LOW HITPOINT WARNING * * *
You sock the ogre!
The ogre is almost dead.
The ogre hits you with a giant club.
* * * LOW HITPOINT WARNING * * *
You hit the ogre.
The ogre is almost dead.
The ogre hits you with a giant club!!
You die...

######### #.........#
#.........# #.........# #
#.........#
...##.###########..........
.........O@.....#.........#
..#####.#######.#.........# #.#
#.#.........# #.# #...........#
#.# #..####.##### ##+# #.# #..#
#.# ##...## #.# #..# ##.##
##.....## #.#######..###...###
##.......###..........##.#(#..##


You could see an ogre.

Vanquished Creatures
  Purgy (D:4)
  A hound (D:4)
  3 iguanas (D:4)
  2 worker ants (D:4)
  3 adders
  5 oozes
  7 worms
  A dart slug (D:3)
  5 leopard geckos
  8 orcs (D:3)
  14 bats
  12 giant cockroaches
  14 goblins
  A hobgoblin (D:1)
  10 jackals
  2 quokkas (D:3)
  2 ball pythons
  7 frilled lizards
  5 kobolds
  9 rats
112 creatures vanquished.

Notes
Turn   | Place    | Note
-------+----------+-------------------------------------------
     0 | D:1      | kae the Formicid Fighter began the quest for the Orb.
     0 | D:1      | Reached XP level 1. HP: 18/18 MP: 1/1
   138 | D:1      | Reached XP level 2. HP: 23/24 MP: 2/2
   340 | D:1      | Reached XP level 3. HP: 20/29 MP: 3/3
   593 | D:1      | Reached skill level 3 in Maces & Flails
  1153 | D:2      | Reached XP level 4. HP: 19/37 MP: 4/4
  1636 | D:3      | Found a faded altar of an unknown god.
  1955 | D:3      | Reached skill level 4 in Maces & Flails
  1957 | D:3      | Reached XP level 5. HP: 38/42 MP: 5/5
  2067 | D:3      | Found a glowing drain.
  2071 | Sewer    | Entered a sewer
  3131 | D:3      | Found a white marble altar of Elyvilon.
  3464 | D:4      | Reached skill level 5 in Maces & Flails
  3464 | D:4      | Reached XP level 6. HP: 47/49 MP: 6/6
  3568 | D:4      | Noticed Purgy
  3577 | D:4      | Killed Purgy
  3577 | D:4      | Reached skill level 5 in Fighting
  3738 | D:4      | Found a staircase to the Ecumenical Temple.
  3759 | Temple   | Entered the Ecumenical Temple
  3865 | Temple   | Became a worshipper of Warmaster Okawaru
  4016 | D:4      | Reached XP level 7. HP: 44/56 MP: 7/7
  4207 | D:4      | Found a runed door.
  4327 | D:4      | Reached skill level 6 in Maces & Flails
  4376 | D:4      | Mangled by an ogre

Skill      XL: |  1  2  3  4  5  6  7 |
---------------+----------------------+-----
Maces & Flails | 3 4 5 6 |  6.0
Fighting       | 4 5 |  5.4
Armour         | |  3.2
Shields        | |  3.6

Action                   |  1- 3 |  4- 6 |  7- 9 || total
-------------------------+-------+-------+-------++-------
Melee: Flail             |   145 |   264 |    36 ||   445
 Abil: Dig               |       |     5 |       ||     5
  Use: Scroll            |       |     6 |       ||     6
       Potion            |       |     1 |       ||     1
  Eat: Chunk             |       |    11 |     2 ||    13
Armor: Scale mail        |    85 |   141 |    24 ||   250
Dodge: Dodged            |    41 |    99 |    17 ||   157
Block: Shield            |   107 |   177 |    19 ||   303
